 Dungeon Crawl Stone Soup version 0.20.0 (webtiles) character file.

4459 Llamajah the Chopper (level 10, -2/77 HPs)
             Began as a Formicid Fighter on July 1, 2017.
             Was a Priest of Cheibriados.
             Slain by an orc warrior
             ... wielding a +0 trident
              (15 damage)
             ... in a bailey.
             The game lasted 00:17:18 (6644 turns).

Llamajah the Chopper (Formicid Fighter)             Turns: 6644, Time: 00:17:19

Health: -2/77      AC: 15    Str: 38    XL:     10   Next: 63%
Magic:  14/14      EV: 15    Int: 15    God:    Cheibriados [***...]
Gold:   210        SH: 13    Dex: 18    Spells: 9/9 levels left

rFire    . . .     SeeInvis +   a - +0 war axe
rCold    . . .     Gourm    .   c - +0 shield
rNeg     . . .     Faith    .   b - +0 scale mail
rPois    .         Spirit   .   (helmet unavailable)
rElec    .         Reflect  .   N - +2 cloak
rCorr    +         Harm     .   B - +2 pair of gloves
MR       +....                  H - +0 pair of boots
Stlth    ..........             (no amulet)
Regen    0.3/turn               w - ring of flight
MPRegen  0.2/turn               s - ring of resist corrosion

@: mighty, flying, very slow
A: permanent stasis, dig shafts and tunnels, four strong arms, antennae 3
a: Dig, Shaft Self, Bend Time, Temporal Distortion, Renounce Religion, Stop
Flying


You were in a bailey.
You worshipped Cheibriados.
Cheibriados was most pleased with you.
You were hungry.

You visited 2 branches of the dungeon, and saw 9 of its levels.
You also visited: Bailey.

You collected 301 gold pieces.
You spent 91 gold pieces at shops.

Inventory:

Hand Weapons
 a - a +0 war axe (weapon)
Armour
 b - a +0 scale mail (worn)
 c - a +0 shield (worn)
 B - a +2 pair of gloves (worn)
 H - a +0 pair of boots (worn)
 N - a +2 cloak (worn)
Jewellery
 n - an uncursed ring of fire
 s - a ring of resist corrosion (right hand)
 w - a ring of flight (left hand)
 y - an uncursed ring of positive energy
Wands
 M - a wand of confusion (17/48)
 O - a wand of confusion (27/48)
Scrolls
 e - 2 scrolls of enchant armour {unknown}
 g - 6 scrolls of identify {unknown}
 h - a scroll of amnesia {unknown}
 j - 4 scrolls of remove curse {unknown}
 k - 3 scrolls of blinking {unknown}
 o - a scroll of recharging {unknown}
 r - 3 scrolls of teleportation {unknown}
 x - 2 scrolls of fog {unknown}
 C - 2 scrolls of noise {unknown}
 F - 3 scrolls of immolation {unknown}
Potions
 i - 4 potions of flight {unknown}
 l - 2 potions of resistance {unknown}
 m - 2 potions of berserk rage {unknown}
 p - 2 potions of degeneration {unknown}
 q - a potion of mutation {unknown}
 t - 3 potions of heal wounds {unknown}
 z - a potion of magic {unknown}
 A - a potion of curing
 E - a potion of brilliance {unknown}
 L - 3 potions of agility {unknown}
Books
 D - a book of Cantrips

   Spells                             Type                      Level
   a - Confusing Touch                Hexes                        1
   b - Animate Skeleton               Necromancy                   1
   c - Summon Small Mammal            Summoning                    1
   d - Apportation                    Translocation                1
 J - a book of Maledictions

   Spells                             Type                      Level
   a - Corona                         Hexes                        1
   b - Ensorcelled Hibernation        Hexes/Ice                    2
   c - Confuse                        Hexes                        3
   d - Tukima's Dance                 Hexes                        3
   e - Dazzling Spray                 Conjuration/Hexes            3
Comestibles
 f - 5 bread rations
 u - 4 fruits
 v - 4 royal jellies
 G - a meat ration


   Skills:
 + Level 6.5 Fighting
 * Level 7.8 Axes
 + Level 6.4 Armour
 * Level 6.7 Dodging
 + Level 7.2 Shields
 + Level 1.4 Invocations
 + Level 5.3 Evocations


You had 9 spell levels left.
You didn't know any spells.

Dungeon Overview and Level Annotations

Branches:
Dungeon (8/15)             Temple (1/1) D:5
   Lair: D:8-11

Altars:
Ashenzari
Cheibriados
Dithmenos
Elyvilon
Fedhas
Gozag
Hepliaklqana
Kikubaaqudgha
Makhleb
Nemelex Xobeh
Okawaru
Qazlal
Ru
Sif Muna
Trog
Uskayaw
Vehumet
Xom
Yredelemnul
Zin

Shops:
D:6 *


Innate Abilities, Weirdness & Mutations

You cannot be hasted, slowed, berserked, paralysed or teleported.
You can dig through walls and to a lower floor.
Your four strong arms can wield two-handed weapons with a shield.
You have a pair of large antennae on your head. (SInv)


Message History

* * * LOW HITPOINT WARNING * * *
You block the orc warrior's attack.
The orc warrior hits you but does no damage.
You closely miss the orc knight.
The orc knight is heavily wounded.
You barely miss the orc warrior. You block the orc warrior's attack.
The orc warrior closely misses you. You block the orc knight's attack.
The orc warrior completely misses you.
You miss the orc knight.
The orc knight is heavily wounded.
You slice the orc warrior!!
You kill the orc warrior!
Cheibriados thoroughly appreciates the change of pace.
The orc warrior misses you. You block the orc warrior's attack.
The orc knight misses you.
You feel better.
The orc warrior hits you from afar with a spear!
* * * LOW HITPOINT WARNING * * *
The orc warrior hits you from afar with a trident!
You die...

.≈≈≈≈≈≈≈####### ##..≈≈≈≈≈≈≈≈≈≈.
.≈..##### ##......)...≈.
.≈)#############+#############.≈.
.≈)##.$$$.##..§......##.....##.≈.
.≈..## ##§§≈§≈≈§§§o§#'...##..≈.
.≈≈..## ##.§§≈.....≈≈..##.##..≈≈.
∩.≈≈..# #..§≈§..⌠o.§≈§..#'#..≈≈.#
#.≈≈..# #..≈≈..⌠⌠).§§§..#'#..≈≈.∩
.≈≈..## #..≈≈..@oo§§§.## ##..≈≈.
.≈..## ##..§§≈≈≈≈§§.## ##..≈.
.≈.##{ +#.........## ##.≈.
.≈.#############+###'#########.≈.
.≈.....).)..##.....##.)..).))..≈.
.≈≈≈≈≈≈≈≈≈≈..##.∩.##..≈≈≈≈≈≈≈≈≈≈.
..........≈≈..## ##.)≈≈..........
#########..≈≈..###..≈≈..#########
##..≈≈.....≈≈..##


You could see an orc knight and 3 orc warriors.

Vanquished Creatures
  A two-headed ogre (D:8)
  2 centaur skeletons
  The ghost of NoxCultor the Sneak, a novice OpFi (D:4)
  Prince Ribbit (D:7)
  The ghost of dipablo the Skirmisher, an amateur MiFi (D:6)
  A water moccasin (D:5)
  3 sky beasts
  Duvessa (D:7)
  3 orc warriors (Bailey)
  3 phantoms
  A necrophage (D:7)
  3 ogres
  3 centaurs
  A bullfrog (D:5)
  Dowan (D:7)
  2 scorpions (D:7)
  A howler monkey (D:5)
  The ghost of NoxCultor the Bolt Thrower, a weakling KoHu (D:3)
  4 crimson imps
  A hound (D:7)
  A jelly (D:7)
  3 orc priests (D:5)
  A bullfrog skeleton (D:7)
  5 orc wizards (D:5)
  3 iguanas
  8 worker ants
  14 adders
  A shadow imp (D:5)
  An ooze (D:7)
  3 worms
  2 dart slugs
  3 leopard geckos (D:1)
  27 orcs
  A ball python (D:2)
  3 giant cockroaches
  4 hobgoblins
  13 jackals
  5 quokkas
  5 bats
  3 frilled lizards
  7 goblins
  4 kobolds
  A leopard gecko skeleton (D:7)
  A quokka skeleton (D:6)
  19 rats
173 creatures vanquished.

Notes
Turn   | Place    | Note
-------+----------+-------------------------------------------
     0 | D:1      | Llamajah the Formicid Fighter began the quest for the Orb.
     0 | D:1      | Reached XP level 1. HP: 18/18 MP: 1/1
    18 | D:1      | Reached XP level 2. HP: 24/24 MP: 2/2
   199 | D:1      | Reached XP level 3. HP: 29/29 MP: 3/3
   289 | D:1      | Reached skill level 1 in Dodging
   757 | D:2      | Found an ancient bone altar of Kikubaaqudgha.
   907 | D:2      | Reached XP level 4. HP: 35/35 MP: 4/4
  1785 | D:3      | Found a faded altar of an unknown god.
  1914 | D:3      | Noticed NoxCultor's ghost (weakling KoHu)
  1926 | D:3      | Killed NoxCultor's ghost
  1926 | D:3      | Reached XP level 5. HP: 11/42 MP: 5/5
  2559 | D:4      | Reached skill level 1 in Evocations
  2707 | D:4      | Reached XP level 6. HP: 48/48 MP: 6/6
  2758 | D:4      | Noticed NoxCultor's ghost (novice OpFi)
  2768 | D:4      | Killed NoxCultor's ghost
  2768 | D:4      | Reached XP level 7. HP: 46/54 MP: 6/8
  3239 | D:4      | Reached XP level 8. HP: 58/61 MP: 9/9
  3272 | D:4      | Reached skill level 5 in Shields
  3453 | D:5      | Entered Level 5 of the Dungeon
  3469 | D:4      | Reached skill level 5 in Axes
  3657 | D:5      | Found a staircase to the Ecumenical Temple.
  3672 | Temple   | Entered the Ecumenical Temple
  3844 | D:3      | Became a worshipper of Cheibriados the Contemplative
  3844 | D:3      | Reached * piety under Cheibriados
  4071 | D:5      | Reached ** piety under Cheibriados
  4131 | D:5      | Reached skill level 5 in Fighting
  4578 | D:5      | Reached skill level 5 in Armour
  4578 | D:5      | Reached XP level 9. HP: 57/68 MP: 11/11
  4653 | D:5      | Reached skill level 5 in Dodging
  4875 | D:6      | Found Kuawuzxym's General Store.
  4877 | D:6      | Noticed dipablo's ghost (amateur MiFi)
  4890 | D:6      | Killed dipablo's ghost
  4940 | D:6      | Bought a potion of curing for 42 gold pieces
  4940 | D:6      | Bought a scroll of magic mapping for 49 gold pieces
  4975 | D:6      | Found a sparkling altar of Nemelex Xobeh.
  4976 | D:6      | Found a shattered altar of Ashenzari.
  5251 | D:6      | Reached *** piety under Cheibriados
  5775 | D:7      | Reached XP level 10. HP: 63/76 MP: 13/13
  5792 | D:7      | Noticed Prince Ribbit
  5859 | D:7      | Noticed Duvessa
  5860 | D:7      | Noticed Dowan
  5886 | D:7      | Killed Duvessa
  5895 | D:7      | Killed Dowan
  6047 | D:7      | Found an iron altar of Okawaru.
  6052 | D:7      | Killed Prince Ribbit
  6052 | D:7      | Reached skill level 5 in Evocations
  6390 | D:8      | Noticed a two-headed ogre
  6401 | D:8      | Killed a two-headed ogre
  6401 | D:8      | Reached skill level 1 in Invocations
  6421 | D:8      | Found a flagged portal.
  6466 | Bailey   | Entered a bailey
  6628 | Bailey   | Noticed an orc knight
  6644 | Bailey   | Slain by an orc warrior

Skill      XL: |  1  2  3  4  5  6  7  8  9 10 |
---------------+-------------------------------+-----
Dodging        | 1 2 3 4 5 6 |  6.7
Axes           | 3 4 6 7 |  7.8
Shields        | 4 5 6 7 |  7.2
Evocations     | 1 2 3 4 5 |  5.3
Fighting       | 4 5 6 |  6.5
Armour         | 4 5 6 |  6.4
Invocations    | 1 |  1.4

Action                   |  1- 3 |  4- 6 |  7- 9 | 10-12 || total
-------------------------+-------+-------+-------+-------++-------
Melee: War axe           |   109 |   154 |   351 |   110 ||   724
 Abil: Evoke Flight      |       |       |       |     2 ||     2
       Dig               |       |       |       |     1 ||     1
  Use: Potion            |       |       |       |     2 ||     2
       Scroll            |       |       |       |     1 ||     1
  Eat: Chunk             |       |     6 |     8 |     1 ||    15
Armor: Scale mail        |    53 |    53 |   105 |    26 ||   237
Dodge: Dodged            |    45 |    58 |   152 |    68 ||   323
Block: Shield            |    73 |    90 |   196 |   112 ||   471
